TOP OF THE 1ST |
Overland Park HS Triplets batting - Pitching for Jackson HS Swamp Bats : RHP Haden Benson
|
Pitching: RHP Haden Benson
|
|
Batting: SHB Pat Hill
|
0-0: Ball 1-0: Ball 2-0: Foul Ball, location: 2F 2-1: Ball 3-1: Ground out U3 (Groundball, 3L)
|
Batting: RHB Eddie Stanton
|
0-0: Called Strike 0-1: Called Strike 0-2: Ball 1-2: SOLO HOME RUN (Flyball, 78XD), Distance : 402 ft
|
Batting: RHB Emery Cooper
|
0-0: Called Strike 0-1: SINGLE (Flyball, 8RS)
|
Batting: RHB Alex Moran
|
0-0: Swinging Strike 0-1: Ball 1-1: Grounds into double play, 6-4-3 (Groundball, 6)
|
Top of the 1st over - 1 run, 2 hits, 0 errors, 0 left on base; Overland Park HS 1 - Jackson HS 0 |
BOTTOM OF THE 1ST |
Jackson HS Swamp Bats batting - Pitching for Overland Park HS Triplets : LHP Dennis Miller
|
Pitching: LHP Dennis Miller
|
|
Batting: LHB Chris French
|
0-0: Ball 1-0: Called Strike 1-1: DOUBLE (Flyball, 78D)
|
Batting: RHB Albert Buck
|
0-0: Foul Ball, location: 2F 0-1: Ball 1-1: Called Strike 1-2: Strikes out swinging
|
Batting: RHB Jonathan Smith
|
0-0: Called Strike Chris French steals 3rd base 0-1: Ball 1-1: Ball 2-1: Ball 3-1: SINGLE (Flyball, 9S) Chris French scores
|
Batting: RHB Rob Mitchell
|
0-0: SINGLE (Line Drive, 9LM) Jonathan Smith to second
|
Batting: RHB Mark May
|
0-0: Ball 1-0: Called Strike 1-1: Called Strike 1-2: Ball 2-2: Strikes out looking
|
Batting: RHB Domingo Rosário
|
0-0: Ball 1-0: Fly out, F7 (Flyball, 78D)
|
Bottom of the 1st over - 1 run, 3 hits, 0 errors, 2 left on base; Overland Park HS 1 - Jackson HS 1 |
TOP OF THE 2ND |
Overland Park HS Triplets batting - Pitching for Jackson HS Swamp Bats : RHP Haden Benson
|
Batting: RHB Mark Simms
|
0-0: Ball 1-0: Ball 2-0: Ball 3-0: Called Strike 3-1: Base on Balls
|
Batting: RHB Pablo Quintanilla
|
0-0: Called Strike 0-1: Ball 1-1: Foul Ball, location: 2F 1-2: Foul Ball, location: 2F 1-2: Foul Ball, location: 2F 1-2: Ball 2-2: Ball 3-2: SINGLE (Groundball, 56D) Mark Simms to second
|
Batting: RHB Al Kelly
|
0-0: Ball 1-0: Swinging Strike 1-1: Foul Ball, location: 2F 1-2: Fly out, F9 (Flyball, 9)
|
Batting: SHB John Hansen
|
0-0: Ball 1-0: Called Strike 1-1: Grounds into double play, 4-6-3 (Groundball, 4)
|
Top of the 2nd over - 0 runs, 1 hit, 0 errors, 1 left on base; Overland Park HS 1 - Jackson HS 1 |
BOTTOM OF THE 2ND |
Jackson HS Swamp Bats batting - Pitching for Overland Park HS Triplets : LHP Dennis Miller
|
Batting: RHB Ken King
|
0-0: Called Strike 0-1: Fly out, F7 (Flyball, 7LSF)
|
Batting: SHB William Martínez
|
0-0: Called Strike 0-1: Called Strike 0-2: Ball 1-2: Ball 2-2: Ball 3-2: Strikes out swinging
|
Batting: LHB Harry McAndrew
|
0-0: Foul Ball, location: 2F 0-1: SOLO HOME RUN (Flyball, 89XD), Distance : 404 ft
|
Batting: LHB Chris French
|
0-0: Bunted foul 0-1: Ball 1-1: Ball 2-1: Foul Ball, location: 2F 2-2: Strikes out swinging
|
Bottom of the 2nd over - 1 run, 1 hit, 0 errors, 0 left on base; Overland Park HS 1 - Jackson HS 2 |
TOP OF THE 3RD |
Overland Park HS Triplets batting - Pitching for Jackson HS Swamp Bats : RHP Haden Benson
|
Batting: RHB Carson Doss
|
0-0: Ball 1-0: Foul Ball, location: 2F 1-1: Foul Ball, location: 2F 1-2: Fly out, F8 (Flyball, 8RM)
|
Batting: SHB Pat Hill
|
0-0: Ball 1-0: Foul Ball, location: 2F 1-1: Ball 2-1: Ball 3-1: SINGLE (Groundball, 4D)
|
Batting: RHB Eddie Stanton
|
0-0: Called Strike 0-1: SINGLE (Groundball, 6D) Pat Hill to second
|
Batting: RHB Emery Cooper
|
0-0: 3-RUN HOME RUN (Flyball, 7LD), Distance : 324 ft
|
Batting: RHB Alex Moran
|
0-0: Ball 1-0: Called Strike 1-1: Ball 2-1: Called Strike 2-2: Ball 3-2: Base on Balls
|
Batting: RHB Mark Simms
|
0-0: Hit by Pitch Alex Moran to second
|
Pinch Runner at 1st Paco Tapia:
|
|
Batting: RHB Pablo Quintanilla
|
0-0: Fly out, F4 (Popup, 34S)
|
Batting: RHB Al Kelly
|
0-0: Foul Ball, location: 2F 0-1: Ball 1-1: SINGLE (Line Drive, 89S) Alex Moran to third Paco Tapia to second Runner from 3rd tries for Home, SAFE, no throw
|
Batting: SHB John Hansen
|
0-0: Ball 1-0: Ball 2-0: Called Strike 2-1: Fly out, F6 (Popup, 6)
|
Top of the 3rd over - 4 runs, 4 hits, 0 errors, 2 left on base; Overland Park HS 5 - Jackson HS 2 |
BOTTOM OF THE 3RD |
Jackson HS Swamp Bats batting - Pitching for Overland Park HS Triplets : LHP Dennis Miller
|
Now at 2B: Paco Tapia
|
|
Batting: RHB Albert Buck
|
0-0: Ball 1-0: Ball 2-0: Ball 3-0: Base on Balls
|
Batting: RHB Jonathan Smith
|
0-0: Ball Albert Buck is caught stealing 2nd base 1-0: Called Strike 1-1: SINGLE (Line Drive, 4D)
|
Batting: RHB Rob Mitchell
|
0-0: Ball 1-0: Swinging Strike 1-1: Ball 2-1: Swinging Strike 2-2: Ball 3-2: Foul Ball, location: 2F 3-2: Foul Ball, location: 2F 3-2: SINGLE (Popup, 13S) Jonathan Smith to second Throwing error, E2 Jonathan Smith scores Rob Mitchell to second
|
Batting: RHB Mark May
|
0-0: Ball 1-0: Called Strike 1-1: Swinging Strike 1-2: Ball 2-2: Foul Ball, location: 2F 2-2: Strikes out swinging
|
Batting: RHB Domingo Rosário
|
0-0: Called Strike 0-1: Ball 1-1: Ball 2-1: SINGLE (Groundball, 6D) Rob Mitchell to third Runner from 3rd tries for Home, SAFE, no throw
|
Batting: RHB Ken King
|
0-0: SINGLE (Line Drive, 6MD) Domingo Rosário to second
|
Batting: SHB William Martínez
|
0-0: SINGLE (Groundball, 34D) Domingo Rosário to third Ken King to second Runner from 3rd tries for Home, SAFE, no throw
|
Batting: LHB Harry McAndrew
|
0-0: Fly out, F8 (Flyball, 89D)
|
Bottom of the 3rd over - 3 runs, 5 hits, 1 error, 2 left on base; Overland Park HS 5 - Jackson HS 5 |
TOP OF THE 4TH |
Overland Park HS Triplets batting - Pitching for Jackson HS Swamp Bats : RHP Haden Benson
|
Batting: RHB Carson Doss
|
0-0: Ground out 4-3 (Groundball, 4)
|
Batting: SHB Pat Hill
|
0-0: Ball 1-0: Called Strike 1-1: Swinging Strike 1-2: Ball 2-2: SINGLE (Flyball, 8LS)
|
Batting: RHB Eddie Stanton
|
0-0: 2-RUN HOME RUN (Line Drive, 7LD), Distance : 321 ft
|
Batting: RHB Emery Cooper
|
0-0: Ball 1-0: Ball 2-0: Called Strike 2-1: Ground out 4-3 (Groundball, 4M)
|
Batting: RHB Alex Moran
|
0-0: Called Strike 0-1: SINGLE (Line Drive, 6MD)
|
Batting: RHB Paco Tapia
|
0-0: Ball 1-0: Ball 2-0: Called Strike 2-1: Ball 3-1: Base on Balls Alex Moran to second
|
Batting: RHB Pablo Quintanilla
|
0-0: Called Strike 0-1: Ball 1-1: Fly out, F8 (Flyball, 8LD)
|
Top of the 4th over - 2 runs, 3 hits, 0 errors, 2 left on base; Overland Park HS 7 - Jackson HS 5 |
BOTTOM OF THE 4TH |
Jackson HS Swamp Bats batting - Pitching for Overland Park HS Triplets : LHP Dennis Miller
|
Batting: LHB Chris French
|
0-0: Ball 1-0: Ground out 6-3 (Groundball, 6S)
|
Batting: RHB Albert Buck
|
0-0: Ground out 6-3 (Groundball, 6)
|
Batting: RHB Jonathan Smith
|
0-0: Ball 1-0: Called Strike 1-1: DOUBLE (Line Drive, 89D)
|
Batting: RHB Rob Mitchell
|
0-0: Reached on error, E6 (Groundball, 6) Jonathan Smith to third
|
Batting: RHB Mark May
|
0-0: Ball 1-0: 3-RUN HOME RUN (Line Drive, 7LD), Distance : 336 ft
|
Batting: RHB Domingo Rosário
|
0-0: Foul Ball, location: 2F 0-1: SINGLE (Line Drive, 6MD)
|
Pitching: RHP Larry Madden
|
|
Batting: RHB Ken King
|
0-0: Ball 1-0: Ball 2-0: Ball 3-0: Base on Balls Domingo Rosário to second
|
Batting: SHB William Martínez
|
0-0: Called Strike 0-1: Foul Ball, location: 2F 0-2: Ball 1-2: Strikes out looking
|
Bottom of the 4th over - 3 runs, 3 hits, 1 error, 2 left on base; Overland Park HS 7 - Jackson HS 8 |
TOP OF THE 5TH |
Overland Park HS Triplets batting - Pitching for Jackson HS Swamp Bats : RHP Haden Benson
|
Batting: RHB Al Kelly
|
0-0: Called Strike 0-1: Ball 1-1: Ground out 3-1 (Groundball, 34S)
|
Batting: SHB John Hansen
|
0-0: Called Strike 0-1: Foul Ball, location: 2F 0-2: Strikes out looking
|
Batting: RHB Carson Doss
|
0-0: DOUBLE (Flyball, 78D)
|
Batting: SHB Pat Hill
|
0-0: Ball 1-0: Called Strike 1-1: Ball 2-1: Foul Ball, location: 2F 2-2: Ball 3-2: 2-RUN HOME RUN (Flyball, 9D), Distance : 378 ft
|
Batting: RHB Eddie Stanton
|
0-0: Ball 1-0: Foul Ball, location: 2F 1-1: Called Strike 1-2: Ball 2-2: Ball 3-2: Base on Balls
|
Pitching: LHP Manuel Ríos
|
|
Batting: RHB Emery Cooper
|
0-0: Ball 1-0: DOUBLE (Flyball, 8RD) Eddie Stanton to third
|
Batting: RHB Alex Moran
|
0-0: Intentional Walk
|
Batting: RHB Paco Tapia
|
0-0: SINGLE (Groundball, 56D) Eddie Stanton scores Emery Cooper to third Alex Moran to second Runner from 3rd tries for Home, SAFE, throw made home
|
Batting: RHB Pablo Quintanilla
|
0-0: Foul Ball, location: 2F 0-1: Ball 1-1: Ball Wild Pitch! Alex Moran to third Paco Tapia to second 2-1: Swinging Strike 2-2: Strikes out looking
|
Top of the 5th over - 4 runs, 4 hits, 0 errors, 2 left on base; Overland Park HS 11 - Jackson HS 8 |
BOTTOM OF THE 5TH |
Jackson HS Swamp Bats batting - Pitching for Overland Park HS Triplets : RHP Larry Madden
|
Batting: LHB Harry McAndrew
|
0-0: Ball 1-0: Ball 2-0: Ball 3-0: Base on Balls
|
Batting: LHB Chris French
|
0-0: Fly out, F8 (Flyball, 8LS)
|
Batting: RHB Albert Buck
|
0-0: Ball 1-0: Ball 2-0: Ball 3-0: Called Strike 3-1: Called Strike 3-2: SINGLE (Groundball, 5D) Harry McAndrew to second
|
Batting: RHB Jonathan Smith
|
0-0: Ball 1-0: Foul Ball, location: 2F 1-1: Ball 2-1: SINGLE (Groundball, 56S) (infield hit) Harry McAndrew to third Albert Buck to second
|
Batting: RHB Rob Mitchell
|
0-0: Called Strike 0-1: Ball 1-1: Ball 2-1: SINGLE (Line Drive, 56) Harry McAndrew scores Albert Buck to third Jonathan Smith to second
|
Batting: RHB Mark May
|
0-0: Fly out, F7 (Flyball, 7LD) Runner from 3rd tags up, SCORES, throw made
|
Batting: RHB Domingo Rosário
|
0-0: Ball 1-0: Called Strike 1-1: Ball 2-1: Ball 3-1: Base on Balls Jonathan Smith to third Rob Mitchell to second
|
Batting: RHB Ken King
|
0-0: Called Strike 0-1: Swinging Strike 0-2: Strikes out swinging
|
Bottom of the 5th over - 2 runs, 3 hits, 0 errors, 3 left on base; Overland Park HS 11 - Jackson HS 10 |
TOP OF THE 6TH |
Overland Park HS Triplets batting - Pitching for Jackson HS Swamp Bats : LHP Manuel Ríos
|
Batting: RHB Al Kelly
|
0-0: Ball 1-0: Ball 2-0: Ball 3-0: Called Strike 3-1: Fly out, F7 (Flyball, 78D)
|
Batting: SHB John Hansen
|
0-0: Ball 1-0: Swinging Strike 1-1: Ball 2-1: Swinging Strike 2-2: Ball 3-2: Base on Balls
|
Batting: RHB Carson Doss
|
0-0: Ball 1-0: Ground out 3-1 (Groundball, 34S) John Hansen to second
|
Batting: SHB Pat Hill
|
0-0: Ball 1-0: Ball 2-0: Ball 3-0: Base on Balls
|
Batting: RHB Eddie Stanton
|
0-0: Swinging Strike 0-1: Ball 1-1: Foul Ball, location: 2F 1-2: Foul Ball, location: 2F 1-2: Ball 2-2: Ball 3-2: Base on Balls John Hansen to third Pat Hill to second
|
Batting: RHB Emery Cooper
|
0-0: Ball 1-0: Ball 2-0: Foul Ball, location: 2F 2-1: Ball 3-1: Foul Ball, location: 2F 3-2: GRAND SLAM HOME RUN (Flyball, 9D), Distance : 380 ft
|
Batting: RHB Alex Moran
|
0-0: Called Strike 0-1: Ball 1-1: Ball 2-1: Called Strike 2-2: Foul Ball, location: 2F 2-2: Ball 3-2: Foul Ball, location: 2F 3-2: Base on Balls
|
Batting: RHB Paco Tapia
|
0-0: Called Strike 0-1: SINGLE (Line Drive, 8LS) Alex Moran to second Runner from 2nd tries for 3rd, SAFE, no throw
|
Batting: RHB Pablo Quintanilla
|
0-0: Called Strike 0-1: Foul Ball, location: 2F 0-2: Ball 1-2: Foul Ball, location: 2F 1-2: Ball 2-2: Ball 3-2: Foul Ball, location: 2F 3-2: Foul Ball, location: 2F 3-2: SINGLE (Flyball, 7S) Alex Moran scores Paco Tapia to second Paco Tapia to third
|
Batting: RHB Al Kelly
|
0-0: Ball 1-0: Called Strike 1-1: Fielders Choice at 2nd, 5-4 (Groundball, 56)
|
Top of the 6th over - 5 runs, 3 hits, 0 errors, 2 left on base; Overland Park HS 16 - Jackson HS 10 |
BOTTOM OF THE 6TH |
Jackson HS Swamp Bats batting - Pitching for Overland Park HS Triplets : RHP Larry Madden
|
Batting: SHB William Martínez
|
0-0: Ball 1-0: Called Strike 1-1: Foul Ball, location: 2F 1-2: Strikes out swinging
|
Batting: LHB Harry McAndrew
|
0-0: Called Strike 0-1: Ball 1-1: Foul Ball, location: 2F 1-2: Ground out U3 (Groundball, 3)
|
Batting: LHB Chris French
|
0-0: Foul Ball, location: 2F 0-1: Foul Ball, location: 2F 0-2: Foul Ball, location: 2F 0-2: Ground out U3 (Groundball, 34S)
|
Bottom of the 6th over - 0 runs, 0 hits, 0 errors, 0 left on base; Overland Park HS 16 - Jackson HS 10 |
TOP OF THE 7TH |
Overland Park HS Triplets batting - Pitching for Jackson HS Swamp Bats : LHP Manuel Ríos
|
Batting: SHB John Hansen
|
0-0: Ball 1-0: Swinging Strike 1-1: SINGLE (Groundball, 4D)
|
Pitching: RHP Rich Ingram
|
|
Batting: RHB Carson Doss
|
0-0: Ball 1-0: Ball 2-0: Foul Ball, location: 2F 2-1: Swinging Strike 2-2: Ball 3-2: SINGLE (Line Drive, 7S) John Hansen to second
|
Batting: SHB Pat Hill
|
0-0: Ball 1-0: Foul Ball, location: 2F 1-1: Called Strike 1-2: Ball 2-2: Ball 3-2: Base on Balls John Hansen to third Carson Doss to second
|
Batting: RHB Eddie Stanton
|
0-0: Ball 1-0: Ball 2-0: Ball 3-0: Base on Balls John Hansen scores Carson Doss to third Pat Hill to second
|
Batting: RHB Emery Cooper
|
0-0: Ball 1-0: Ball 2-0: Ball 3-0: Base on Balls Carson Doss scores Pat Hill to third Eddie Stanton to second
|
Batting: RHB Alex Moran
|
0-0: Ball 1-0: Foul Ball, location: 2F 1-1: Ball 2-1: Ball 3-1: Base on Balls Pat Hill scores Eddie Stanton to third Emery Cooper to second
|
Batting: RHB Paco Tapia
|
0-0: Ball 1-0: Ball 2-0: Called Strike 2-1: Foul Ball, location: 2F 2-2: Ball 3-2: Base on Balls Eddie Stanton scores Emery Cooper to third Alex Moran to second
|
Batting: RHB Pablo Quintanilla
|
0-0: Called Strike 0-1: Called Strike 0-2: Ball 1-2: Ball 2-2: Foul Ball, location: 2F 2-2: Foul Ball, location: 2F 2-2: Ball 3-2: Foul Ball, location: 2F 3-2: Base on Balls Emery Cooper scores Alex Moran to third Paco Tapia to second
|
Batting: RHB Al Kelly
|
0-0: Foul Ball, location: 2F 0-1: Ball 1-1: Ball 2-1: Ball 3-1: Foul Ball, location: 2F 3-2: Base on Balls Alex Moran scores Paco Tapia to third Pablo Quintanilla to second
|
Pitching: RHP Wally Thomas
|
|
Batting: SHB John Hansen
|
0-0: Called Strike 0-1: Ball Wild Pitch! Paco Tapia scores Pablo Quintanilla to third Al Kelly to second 1-1: Ball 2-1: Foul Ball, location: 2F 2-2: Foul Ball, location: 2F 2-2: Ball 3-2: Foul Ball, location: 2F 3-2: Ground out 6-3 (Groundball, 6) Pablo Quintanilla scores
|
Pitching: RHP Don Doss
|
|
Batting: RHB Carson Doss
|
0-0: Ball 1-0: Called Strike 1-1: Called Strike 1-2: Ball 2-2: Foul Ball, location: 2F 2-2: Strikes out swinging
|
Pitching: RHP Howell Jones
|
|
Batting: SHB Pat Hill
|
0-0: Called Strike 0-1: Foul Ball, location: 2F 0-2: Strikes out swinging
|
Top of the 7th over - 8 runs, 2 hits, 0 errors, 1 left on base; Overland Park HS 24 - Jackson HS 10 |
BOTTOM OF THE 7TH |
Jackson HS Swamp Bats batting - Pitching for Overland Park HS Triplets : RHP Larry Madden
|
Batting: RHB Albert Buck
|
0-0: Ball 1-0: Fly out, F8 (Flyball, 8LD)
|
Batting: RHB Jonathan Smith
|
0-0: Ball 1-0: Called Strike 1-1: Swinging Strike 1-2: SINGLE (Flyball, 8LS)
|
Batting: RHB Rob Mitchell
|
0-0: Called Strike 0-1: SINGLE (Line Drive, 78S) Jonathan Smith to second
|
Batting: RHB Mark May
|
0-0: Foul Ball, location: 2F 0-1: Called Strike 0-2: Foul Ball, location: 2F 0-2: Ball 1-2: Foul Ball, location: 2F 1-2: Strikes out swinging
|
Batting: RHB Domingo Rosário
|
0-0: Ball 1-0: Fly out, F6 (Popup, 6MS)
|
Bottom of the 7th over - 0 runs, 2 hits, 0 errors, 2 left on base; Overland Park HS 24 - Jackson HS 10 |
TOP OF THE 8TH |
Overland Park HS Triplets batting - Pitching for Jackson HS Swamp Bats : RHP Howell Jones
|
Batting: RHB Eddie Stanton
|
0-0: Ball 1-0: Swinging Strike 1-1: Ball 2-1: Foul Ball, location: 2F 2-2: Ball 3-2: Base on Balls
|
Batting: RHB Emery Cooper
|
0-0: Ball 1-0: Ball 2-0: Ball 3-0: Called Strike 3-1: Base on Balls Eddie Stanton to second
|
Pitching: RHP Cecil Cooper
|
|
Batting: RHB Alex Moran
|
0-0: Ball 1-0: Ball 2-0: Foul Ball, location: 2F 2-1: Ground out 3-1 (Groundball, 3S) Eddie Stanton to third Emery Cooper to second
|
Batting: RHB Paco Tapia
|
0-0: Foul Ball, location: 2F 0-1: Ball 1-1: Swinging Strike 1-2: Ball 2-2: Ball 3-2: Base on Balls
|
Batting: RHB Pablo Quintanilla
|
0-0: Ball 1-0: Ball 2-0: Ball 3-0: Base on Balls Eddie Stanton scores Emery Cooper to third Paco Tapia to second
|
Batting: RHB Al Kelly
|
0-0: Ball 1-0: Called Strike 1-1: Foul Ball, location: 2F 1-2: Foul Ball, location: 2F 1-2: Fly out, F9 (Line Drive, 9S) Runner from 3rd tags up, SCORES, no throw
|
Batting: SHB John Hansen
|
0-0: Foul Ball, location: 2F 0-1: Swinging Strike 0-2: Ball 1-2: Fielders Choice at 2nd, 5-4 (Groundball, 5)
|
Top of the 8th over - 2 runs, 0 hits, 0 errors, 2 left on base; Overland Park HS 26 - Jackson HS 10 |
BOTTOM OF THE 8TH |
Jackson HS Swamp Bats batting - Pitching for Overland Park HS Triplets : RHP Larry Madden
|
Batting: RHB Ken King
|
0-0: Ball 1-0: Called Strike 1-1: Ball 2-1: Ball 3-1: Base on Balls
|
Pitching: RHP Sean Kidd
|
|
Batting: SHB William Martínez
|
0-0: Fly out, F8 (Flyball, 8LD)
|
Batting: LHB Harry McAndrew
|
0-0: Ball 1-0: Ball 2-0: Ball 3-0: Base on Balls Ken King to second
|
Batting: LHB Chris French
|
0-0: Swinging Strike 0-1: Ball 1-1: Called Strike 1-2: Ball 2-2: Foul Ball, location: 2F 2-2: Strikes out looking
|
Batting: RHB Albert Buck
|
0-0: Ball 1-0: Ball 2-0: Ball 3-0: Called Strike 3-1: Base on Balls Ken King to third Harry McAndrew to second
|
Batting: RHB Jonathan Smith
|
0-0: Called Strike 0-1: Swinging Strike 0-2: Ground out 5-3 (Groundball, 56S)
|
Bottom of the 8th over - 0 runs, 0 hits, 0 errors, 3 left on base; Overland Park HS 26 - Jackson HS 10 |
TOP OF THE 9TH |
Overland Park HS Triplets batting - Pitching for Jackson HS Swamp Bats : RHP Cecil Cooper
|
Batting: RHB Carson Doss
|
0-0: DOUBLE (Flyball, 78D)
|
Batting: SHB Pat Hill
|
0-0: Called Strike 0-1: Foul Ball, location: 2F 0-2: Ball 1-2: Strikes out looking
|
Batting: RHB Eddie Stanton
|
0-0: Foul Ball, location: 2F 0-1: Swinging Strike 0-2: Ball 1-2: Strikes out swinging
|
Batting: RHB Emery Cooper
|
0-0: Ball 1-0: Ball 2-0: Called Strike 2-1: Foul Ball, location: 2F 2-2: Ball 3-2: Base on Balls
|
Batting: RHB Alex Moran
|
0-0: Foul Ball, location: 2F 0-1: Swinging Strike 0-2: Strikes out swinging
|
Top of the 9th over - 0 runs, 1 hit, 0 errors, 2 left on base; Overland Park HS 26 - Jackson HS 10 |
BOTTOM OF THE 9TH |
Jackson HS Swamp Bats batting - Pitching for Overland Park HS Triplets : RHP Sean Kidd
|
Batting: RHB Rob Mitchell
|
0-0: Called Strike 0-1: Foul Ball, location: 2F 0-2: Ball 1-2: Ball 2-2: Ball 3-2: Foul Ball, location: 2F 3-2: Base on Balls
|
Batting: RHB Mark May
|
0-0: Ball 1-0: Fly out, F8 (Flyball, 8LM)
|
Batting: RHB Domingo Rosário
|
0-0: Swinging Strike 0-1: Foul Ball, location: 2F 0-2: Foul Ball, location: 2F 0-2: Ball 1-2: Ball 2-2: Fly out, F3 (Popup, 34S)
|
Batting: RHB Ken King
|
0-0: Ball 1-0: Ball 2-0: Ball 3-0: Base on Balls Rob Mitchell to second
|
Batting: SHB William Martínez
|
0-0: Ball 1-0: Foul Ball, location: 2F 1-1: Fly out, F5 (Flyball, 5D)
|
Bottom of the 9th over - 0 runs, 0 hits, 0 errors, 2 left on base; Overland Park HS 26 - Jackson HS 10 |
|